 Dungeon Crawl Stone Soup version 0.23-a0-151-gf6d1ed2 (webtiles) character file.

204 Amnesiac the Chiller (level 5, -2/35 HPs)
             Began as a Mummy Ice Elementalist on Sept 8, 2018.
             Was an Initiate of Vehumet.
             Slain by a hobgoblin (5 damage)
             ... on level 2 of the Dungeon.
             The game lasted 00:05:36 (2870 turns).

Amnesiac the Chiller (Mummy Ice Elementalist)       Turns: 2870, Time: 00:05:37

Health: -2/35      AC:  3    Str: 11    XL:     5   Next: 52%
Magic:  2/11       EV: 12    Int: 16    God:    Vehumet [......]
Gold:   56         SH:  0    Dex: 12    Spells: 2/12 levels left

rFire    x . .     SeeInvis .   c - +0 dagger
rCold    + . .     Gourm    .   (no shield)
rNeg     + + +     Faith    .   a - +0 robe
rPois    ∞         Spirit   .   (no helmet)
rElec    .         Reflect  .   (no cloak)
rCorr    .         Harm     .   i - +0 pair of gloves
MR       .....                  (no boots)
Stlth    ++........             (no amulet)
HPRegen  0.11/turn              (no ring)
MPRegen  0.12/turn              (no ring)

@: no status effects
A: no food or potions, fire vulnerability, cold resistance 1, negative energy
resistance 3, torment resistance, unbreathing
a: Renounce Religion


You were on level 2 of the Dungeon.
You worshipped Vehumet.
Vehumet was noncommittal.
You were not hungry.

You visited 2 branches of the dungeon, and saw 5 of its levels.

You collected 56 gold pieces.

Inventory:

Hand Weapons
 c - a +0 dagger (weapon)
 f - a +0 blowgun
Missiles
 g - 4 poisoned needles
Armour
 a - a +0 robe (worn)
 i - a +0 pair of gloves (worn)
Scrolls
 b - a scroll of blinking {!r, unknown}
 e - a scroll of teleportation {!r}
 h - 2 scrolls of remove curse {!r, unknown}
 j - a scroll of enchant armour {!r}


   Skills:
 - Level 1.5 Dodging
 - Level 1.5 Stealth
 + Level 4.4 Spellcasting
 - Level 0.7 Conjurations
 * Level 4.5 Ice Magic


You had 2 spell levels left.
You knew the following spells:

 Your Spells              Type           Power        Failure   Level  Hunger
a - Freeze                Ice            ###.         2%          1    N/A
b - Throw Frost           Conj/Ice       ##....       9%          2    N/A
d - Throw Icicle          Conj/Ice       ##......     47%         4    N/A
z - Ozocubu's Armour      Chrm/Ice       ##......     19%         3    N/A

Your spell library contained the following spells:

 Spells                   Type           Power        Failure   Level  Hunger
 Summon Ice Beast         Ice/Summ       ##......     54%         4    N/A

Dungeon Overview and Level Annotations

Branches:
Dungeon (4/15)             Temple (1/1) D:4

Altars:
Ashenzari
Cheibriados
Dithmenos
Elyvilon
Fedhas
Gozag
Hepliaklqana
Kikubaaqudgha
Makhleb
Nemelex Xobeh
Okawaru
Qazlal
Ru
Sif Muna
Trog
Uskayaw
Vehumet
Wu Jian
Xom
Yredelemnul
The Shining One


Innate Abilities, Weirdness & Mutations

You do not eat or drink.
Your flesh is vulnerable to fire.
You are immune to poison.
Your flesh is cold resistant. (rC+)
You are immune to negative energy. (rN+++)
You are immune to unholy pain and torment.
You can survive without breathing.


Message History

Confirm with . or Enter, or press ? or * to list all spells.
Aiming: Freeze (safe; 2% risk of failure)
Press: ? - help, Shift-Dir - straight line, f/p - worm
Aim: a worm (heavily wounded)
You freeze the worm.
The worm is heavily wounded.
A hobgoblin comes into view.
The worm bites you. The orc hits you with a whip.
Casting: Freeze (safe; 2% risk of failure)
Confirm with . or Enter, or press ? or * to list all spells.
Aiming: Freeze (safe; 2% risk of failure)
Press: ? - help, Shift-Dir - straight line, f/p - worm
Aim: a worm (heavily wounded)
You freeze the worm.
The worm is heavily wounded.
The orc barely misses you. The worm bites you but does no damage.
Casting: Freeze (safe; 2% risk of failure)
Confirm with . or Enter, or press ? or * to list all spells.
Aiming: Freeze (safe; 2% risk of failure)
Press: ? - help, Shift-Dir - straight line, f/p - worm
Aim: a worm (heavily wounded)
You freeze the worm.
The worm is almost dead.
The orc drinks a potion.
The orc suddenly seems more resistant.
Casting: Freeze (safe; 2% risk of failure)
Confirm with . or Enter, or press ? or * to list all spells.
Aiming: Freeze (safe; 2% risk of failure)
Press: ? - help, Shift-Dir - straight line, f/p - worm
Aim: a worm (almost dead)
You freeze the worm.
You kill the worm!
Vehumet accepts your kill. The orc hits you with a whip!
* * * LOW HITPOINT WARNING * * *
Casting: Freeze (safe; 2% risk of failure)
Confirm with . or Enter, or press ? or * to list all spells.
Aiming: Freeze (safe; 2% risk of failure)
Press: ? - help, Shift-Dir - straight line, f - orc
Aim: an orc, wielding a whip and wearing a leather armour (unusually resistant)
You freeze the orc.
The orc resists.
The orc is moderately wounded.
The hobgoblin hits you.
* * * LOW HITPOINT WARNING * * *
The orc hits you with a whip.
* * * LOW HITPOINT WARNING * * *
Casting: Freeze (safe; 2% risk of failure)
Confirm with . or Enter, or press ? or * to list all spells.
Aiming: Freeze (safe; 2% risk of failure)
Press: ? - help, Shift-Dir - straight line, f/p - orc
Aim: an orc, wielding a whip and wearing a leather armour (moderately wounded, You freeze the orc.
The orc resists.
The orc is heavily wounded.
The orc closely misses you. The hobgoblin hits you.
* * * LOW HITPOINT WARNING * * *
Casting: Freeze (safe; 2% risk of failure)
Confirm with . or Enter, or press ? or * to list all spells.
Aiming: Freeze (safe; 2% risk of failure)
Press: ? - help, Shift-Dir - straight line, f/p - orc
Aim: an orc, wielding a whip and wearing a leather armour (heavily wounded, You freeze the orc.
The orc resists.
You kill the orc!
Vehumet accepts your kill. The hobgoblin hits you.
You die...

## #. ####
##†## .....
#.)@#......
#.#g.......
#......###.##.
#.##..## ..
#.. # #.. ...
#... #.#.


You could see a hobgoblin.

Vanquished Creatures
  2 orc priests
  An orc wizard (D:3)
  A worker ant (D:2)
  An adder (D:4)
  2 oozes (D:2)
  4 worms
  5 dart slugs
  A leopard gecko (D:3)
  7 orcs
  2 ball pythons
  A giant cockroach (D:3)
  3 goblins
  3 hobgoblins
  4 jackals
  A quokka (D:3)
  3 bats
  7 frilled lizards
  2 kobolds (D:3)
  2 rats
52 creatures vanquished.

Notes
Turn   | Place    | Note
-------+----------+-------------------------------------------
     0 | D:1      | Amnesiac the Mummy Ice Elementalist began the quest for the
                  | Orb.
     0 | D:1      | Reached XP level 1. HP: 13/13 MP: 4/4
   307 | D:1      | Reached XP level 2. HP: 19/19 MP: 3/5
   316 | D:1      | Learned a level 2 spell: Throw Frost
  1082 | D:2      | Reached XP level 3. HP: 20/24 MP: 0/7
  1087 | D:2      | Learned a level 3 spell: Ozocubu's Armour
  1319 | D:3      | Reached XP level 4. HP: 15/30 MP: 0/9
  1812 | D:2      | Reached XP level 5. HP: 9/35 MP: 4/11
  2057 | D:3      | Learned a level 4 spell: Throw Icicle
  2515 | D:4      | Found a staircase to the Ecumenical Temple.
  2521 | Temple   | Entered the Ecumenical Temple
  2771 | Temple   | Became a worshipper of Vehumet
  2870 | D:2      | Slain by a hobgoblin

Vault maps used:
D:1:      dpeg_cavernosity
D:2:      kennysheep_generic_room_9
D:3:      first_ration
D:4:      minmay_wonky_spiral, minmay_temple_entry_hall, uniq_robin
Temple:   roderic_octagonal_lattice_temple

Skill      XL: |  1  2  3  4 |
---------------+-------------+-----
Ice Magic      | 3 4 |  4.5
Spellcasting   | 3 4 |  4.4
Dodging        | |  1.5
Stealth        | |  1.5
Conjurations   | |  0.7

Action                   |  1- 3 |  4- 6 || total
-------------------------+-------+-------++-------
Melee: Unarmed           |     5 |       ||     5
       Dagger            |    10 |    16 ||    26
 Cast: Freeze            |    53 |    57 ||   110
  Use: Scroll            |     1 |     2 ||     3
 Stab: Sleeping          |     4 |       ||     4
Armor: Robe              |    17 |     7 ||    24
Dodge: Dodged            |    39 |    43 ||    82

Table legend:
 A = Non-vault XP
 B = Vault XP
 C = Vault XP percentage of total XP
 D = Non-vault monster count
 E = Vault monster count
 F = Vault count percentage of total count
                 A         B        C        D         E       F
            +---------+---------+-------+---------+---------+-------
      Total |     281 |      11 |   3.8 |      48 |       4 |   7.7
            +---------+---------+-------+---------+---------+-------
        D:1 |      12 |      11 |  47.8 |       8 |       4 |  33.3
        D:2 |     131 |       0 |   0.0 |      19 |       0 |   0.0
        D:3 |     123 |       0 |   0.0 |      18 |       0 |   0.0
        D:4 |      15 |       0 |   0.0 |       3 |       0 |   0.0
            +---------+---------+-------+---------+---------+-------
